 Dungeon Crawl Stone Soup version 0.29.1 (webtiles) character file.

Game seed: 18030636897735962724

770 mtoz the Shield-Bearer (level 7, -4/63 HPs)
             Began as a Minotaur Fighter on Sept 13, 2022.
             Slain by a worm (8 damage)
             ... on level 4 of the Dungeon.
             The game lasted 00:05:46 (2525 turns).

mtoz the Shield-Bearer (Minotaur Fighter)           Turns: 2525, Time: 00:05:46

Health: -4/63      AC:  7    Str: 22    XL:     7   Next: 53%
Magic:  6/6        EV: 10    Int:  5    God:
Gold:   127        SH:  5    Dex: 10    Spells: 6/6 levels left

rFire   . . .      SeeInvis .   a - +0 war axe
rCold   . . .      Faith    .   c - +0 buckler
rNeg    . . .      Spirit   .   b - +0 scale mail
rPois   .          Reflect  .   (helmet restricted)
rElec   .          Harm     .   (no cloak)
rCorr   .          Rampage  .   (no gloves)
Will    .....                   (no boots)
Stlth   ..........              n - amulet of regeneration
HPRegen 1.00/turn               (no ring)
MPRegen 0.10/turn               (no ring)

@: slowed, very slow
A: horns 2, retaliatory headbutt
a: no special abilities


You were on level 4 of the Dungeon.
You visited 1 branch of the dungeon, and saw 4 of its levels.

You collected 127 gold pieces.

Inventory:

Hand Weapons
 a - a +0 war axe (weapon)
 p - a +0 trident
 q - a +0 mace
 r - a +0 spear
Armour
 b - a +0 scale mail (worn)
 c - a +0 buckler (worn)
 s - a +0 pair of gloves
Jewellery
 n - an amulet of regeneration (around neck)
 y - a ring of flight
 z - an amulet of magic regeneration
Scrolls
 f - 3 scrolls of identify {unknown}
 h - a scroll of enchant armour {unknown}
 l - a scroll of immolation {unknown}
 m - 4 scrolls of fog {unknown}
 o - a scroll of acquirement {unknown}
 u - a scroll of enchant weapon {unknown}
 v - a scroll of teleportation {unknown}
 w - a scroll of magic mapping {unknown}
 x - a scroll of poison {unknown}
Potions
 d - a potion of might
 e - 2 potions of curing
 g - a potion of degeneration {unknown}
 i - a potion of brilliance {unknown}
 j - 3 potions of heal wounds {unknown}
 k - a potion of invisibility {unknown}
 t - a potion of flight {unknown}


   Skills:
 * Level 6.0 Fighting
 * Level 5.2 Axes
 * Level 5.9 Armour
 + Level 2.5 Dodging
 * Level 6.1 Shields


You had 6 spell levels left.
You didn't know any spells.
Your spell library was empty.

Dungeon Overview and Level Annotations

Branches:
Dungeon (4/15)             Temple (0/1) D:4

Altars:


Innate Abilities, Weirdness & Mutations

You have a pair of horns on your head.
You reflexively headbutt those who attack you in melee.


Message History

You are too injured to fight recklessly!
You are too injured to fight recklessly!
You are too injured to fight recklessly!
You are too injured to fight recklessly!
You miss the hornet. You headbutt the hornet!
The hornet is severely wounded.
You feel sick.
The hornet stings you but does no damage.
You block the hornet's attack.
You hit the hornet. Your headbutt misses the hornet.
The hornet is severely wounded.
You feel sick.
You are no longer poisoned.
You block the hornet's attack.
The hornet stings you but does no damage.
The hornet stings you.
* * * LOW HITPOINT WARNING * * *
You are poisoned.
You feel as though you will be slow longer.
You slash the hornet!
You kill the hornet!
You feel very sick.
Your Fighting skill increases to level 6!
Your Axes skill increases to level 5!
Your Shields skill increases to level 6!
You slash the worm!
The worm is severely wounded.
You feel sick. The worm bites you.
* * * LOW HITPOINT WARNING * * *
The worm bites you.
* * * LOW HITPOINT WARNING * * *
You hit the worm.
The worm is severely wounded.
You feel sick. The worm bites you but does no damage.
You barely miss the worm.
The worm is severely wounded.
You feel sick.
You are no longer poisoned.
The worm bites you!
You die...

......###.#.#.#
#.#..........## ......#
#.#.#.# #.#........#..#
......#
#.#.#.#####.#.########...
#######
#.#.#.......#............
#.#.##################.##
#.#.# #..................
#.#.# #.##############.##
#########.#.# #.###..<...
...#.## ..........#.#
#.@w..# #.##.##
#########.#.# ####†.#
#.##.# ###########.# ..#
#.##.# ............# ....
#.##.# #############
..### #.##.#
.########.##.#
.............#
#########.#####
#.......#....


You could see a worm.

Vanquished Creatures
  A hornet (D:4)
  Sigmund (D:3)
  A black bear (D:3)
  A scorpion (D:3)
  An orc priest (D:4)
  Jessica (D:3)
  Natasha (thrice) (D:3)
  An iguana (D:4)
  3 adders
  4 dart slugs
  8 orcs
  6 endoplasms
  4 giant cockroaches
  6 goblins
  7 hobgoblins
  3 jackals (D:4)
  6 kobolds
  2 quokkas
  6 ball pythons
  5 bats
  2 frilled lizards
  4 rats
76 creatures vanquished.

Notes
Turn   | Place    | Note
-------+----------+-------------------------------------------
     0 | D:1      | mtoz the Minotaur Fighter began the quest for the Orb.
     0 | D:1      | Reached XP level 1. HP: 19/19 MP: 0/0
   265 | D:1      | Reached XP level 2. HP: 27/27 MP: 1/1
   815 | D:1      | Found a faded altar of an unknown god.
   920 | D:2      | Reached XP level 3. HP: 32/33 MP: 2/2
  1417 | D:3      | Noticed a black bear
  1421 | D:3      | Killed a black bear
  1422 | D:3      | Reached XP level 4. HP: 36/41 MP: 3/3
  1422 | D:3      | Reached XP level 5. HP: 41/47 MP: 4/4
  1480 | D:3      | Noticed Natasha
  1486 | D:3      | Killed Natasha
  1487 | D:3      | Reached skill level 1 in Dodging
  1505 | D:3      | Reached skill level 5 in Shields
  1521 | D:3      | Noticed Sigmund
  1537 | D:3      | Killed Sigmund
  1538 | D:3      | Reached skill level 5 in Fighting
  1538 | D:3      | Reached skill level 5 in Armour
  1538 | D:3      | Reached XP level 6. HP: 53/56 MP: 5/5
  1575 | D:3      | Noticed Natasha
  1591 | D:3      | Killed Natasha
  1648 | D:3      | Noticed Jessica
  1651 | D:3      | Killed Jessica
  1692 | D:3      | Noticed Natasha
  1696 | D:3      | Killed Natasha
  1887 | D:4      | Reached XP level 7. HP: 58/61 MP: 6/6
  2010 | D:4      | Found a staircase to the Ecumenical Temple.
  2510 | D:4      | Noticed a hornet
  2522 | D:4      | Killed a hornet
  2523 | D:4      | Reached skill level 5 in Axes
  2523 | D:4      | HP: 3/63 [worm (3)]
  2525 | D:4      | Slain by a worm

Illustrated notes

Levels and vault maps discovered:
D:1:      dpeg_arrival_ternary, layout_basic, basic_ecumenical_altar
D:2:      layout_basic
D:3:      layout_basic, uniq_sigmund, uniq_jessica, uniq_natasha
D:4:      layout_basic, minmay_temple_entry_sparse_star

Skill      XL: |  1  2  3  4  5  6  7 |
---------------+----------------------+-----
Fighting       | 4 5 6 |  6.0
Shields        | 4 5 6 |  6.1
Axes           | 3 4 5 |  5.2
Armour         | 4 5 |  5.9
Dodging        | 1 2 |  2.5

Action                   |  1- 3 |  4- 6 |  7- 9 || total
-------------------------+-------+-------+-------++-------
Melee: War axe           |    71 |    57 |    34 ||   162
       Headbutt          |    14 |    15 |    12 ||    41
Armor: Scale mail        |    40 |    24 |    14 ||    78
Dodge: Dodged            |    42 |    39 |    15 ||    96
Block: Buckler           |    16 |    15 |     9 ||    40
